 Dungeon Crawl Stone Soup version 0.19-a0-1170-g18f0c96 (webtiles) character file.

21 jacquesderrida the Cudgeler (level 2, -2/25 HPs)
             Began as a Minotaur Warper on Aug 18, 2016.
             Slain by Natasha (8 damage)
             ... on level 2 of the Dungeon.
             The game lasted 00:02:11 (651 turns).

jacquesderrida the Cudgeler (Minotaur Warper)        Turns: 651, Time: 00:02:12

Health: -2/25      AC:  9    Str: 15    XL:     2   Next: 65%
Magic:  3/3        EV: 11    Int: 10    God:
Gold:   42         SH:  4    Dex:  7    Spells: 1 memorised, 2 levels left

rFire  . . .     SeeInvis .     a - +0 mace
rCold  . . .     Gourm    .     r - +0 ring mail
rNeg   + . .     Faith    .     (no shield)
rPois  .         Spirit   .     (helmet restricted)
rElec  .         Dismiss  .     j - +0 cloak
rCorr  .         Reflect  +     x - +1 pair of gloves
MR     +....     Harm     .     (no boots)
Stlth  ..........               i - +4 amulet of reflection
                                (no ring)
                                o - ring of positive energy

@: very slightly contaminated, hasted, very quick
A: retaliatory headbutt, horns 2, clumsy 1, magic resistance 1, shaggy fur 1, no
device heal 1, subdued magic 1, MP-powered wands
a: no special abilities


You were on level 2 of the Dungeon.
You were not hungry.

You visited 1 branch of the dungeon, and saw 2 of its levels.

You collected 42 gold pieces.

Inventory:

Hand Weapons
 a - a +0 mace (weapon)
Armour
 b - a +0 leather armour
 j - a +0 cloak (worn)
 n - a +0 chain mail
 r - a +0 ring mail (worn)
 x - a +1 pair of gloves (worn)
Jewellery
 i - a +4 amulet of reflection (around neck)
 o - a ring of positive energy (left hand)
 u - an uncursed ring of ice
Scrolls
 d - a scroll of blinking
 e - a scroll of fear {unknown}
 g - 3 scrolls of identify {unknown}
 l - a scroll of recharging {unknown}
 m - 2 scrolls of remove curse {unknown}
 q - a scroll of noise {unknown}
 t - a scroll of teleportation {unknown}
 w - a scroll of magic mapping {unknown}
Potions
 h - a potion of invisibility {unknown}
 p - a potion of curing {unknown}
 s - a potion of lignification {unknown}
Books
 c - a book of Spatial Translocations

   Spells                             Type                      Level
   a - Apportation                    Translocation                1
   b - Blink                          Translocation                2
   c - Shroud of Golubria             Charms/Translocation         2
   d - Portal Projectile              Translocation                3
   e - Teleport Other                 Translocation                3
   f - Passage of Golubria            Translocation                4
Comestibles
 f - 3 bread rations


   Skills:
 - Level 2.4 Fighting
 + Level 4.0 Maces & Flails
 - Level 1.0 Throwing
 - Level 1.2 Armour
 - Level 2.1 Dodging
 - Level 1.3 Spellcasting
 - Level 2.1 Translocations


You had 2 spell levels left.
You knew the following spells:

 Your Spells              Type           Power        Failure   Level  Hunger
a - Apportation           Tloc           #.........   24%         1    ##.....


Dungeon Overview and Level Annotations

Branches:
Dungeon (2/15)

Altars:

Annotations:
D:2 Natasha


Innate Abilities, Weirdness & Mutations

You reflexively headbutt those who attack you in melee.
You have a pair of horns on your head.
You are clumsy. (Dex -2)
You are resistant to hostile enchantments. (MR+)
You are covered in fur. (AC +1)
Potions and wands are less effective at restoring your health.
Your spells are a little easier to cast, but a little less powerful.
You expend magic power (3 MP) to strengthen your wands.


Message History

You feel extremely strange.
You feel resistant to hostile enchantments.
You feel clumsy.
You feel your magical essence link to your wands.
Natasha closely misses you.
It was a potion of haste.
You feel yourself speed up.
Natasha hisses.
Natasha claws you but does no damage.
You are very lightly contaminated with residual magic.
You barely miss Natasha.
Natasha is heavily wounded.
Natasha claws you.
* * * LOW HITPOINT WARNING * * *
You closely miss Natasha.
Natasha is heavily wounded.
Natasha barely misses you.
You closely miss Natasha.
Natasha is heavily wounded.
Natasha claws you!
You die...

####.##.#.#.#
........#.###
####.#..#(# #
#..#..
#..####
#.....#
#.###.# #.# #
#@#
#...h......#
#.#.######.#
# #. #. #. ##


You could see Natasha.

Vanquished Creatures
  An adder (D:2)
  A goblin (D:1)
  3 hobgoblins (D:1)
  2 jackals (D:1)
  A ball python (D:1)
  A bat (D:1)
  2 giant newts (D:2)
  A kobold (D:2)
  A rat (D:2)
13 creatures vanquished.

Notes
Turn   | Place    | Note
-------+----------+-------------------------------------------
     0 | D:1      | jacquesderrida the Minotaur Warper began the quest for the Orb.
     0 | D:1      | Reached XP level 1. HP: 18/18 MP: 1/1
   171 | D:1      | Reached skill level 3 in Maces & Flails
   496 | D:2      | Reached XP level 2. HP: 25/25 MP: 3/3
   626 | D:2      | Reached skill level 4 in Maces & Flails
   637 | D:2      | Noticed Natasha
   646 | D:2      | Gained mutation: You are covered in fur. (AC +1) [potion of mutation]
   646 | D:2      | Gained mutation: Your spells are a little easier to cast, but a little less powerful. [potion of mutation]
   646 | D:2      | Gained mutation: Potions and wands are less effective at restoring your health. [potion of mutation]
   647 | D:2      | Gained mutation: You are resistant to hostile enchantments. (MR+) [potion of mutation]
   647 | D:2      | Gained mutation: You are clumsy. (Dex -2) [potion of mutation]
   647 | D:2      | Gained mutation: You expend magic power (3 MP) to strengthen your wands. [potion of mutation]
   651 | D:2      | Slain by Natasha

Vault maps used:
D:1:      dpeg_arrival_another_circle
D:2:      nicolae_overflow_crystal_walls, overflow_temple_1_default,
          ecumenical_altar_1, first_bread, uniq_natasha, uniq_jessica

Skill      XL: |  1  2 |
---------------+-------+-----
Maces & Flails | 3 4 |  4.0
Fighting       | |  2.4
Throwing       | |  1.0
Armour         | |  1.2
Dodging        | |  2.1
Spellcasting   | |  1.3
Translocations | |  2.1

Action                   || total
-------------------------++-------
Melee: Mace              ||    38
       Headbutt          ||     5
Throw: Tomahawk          ||     5
  Use: Potion            ||     3
Armor: Leather armour    ||     3
       Ring mail         ||     7
Dodge: Dodged            ||    16
Block: Other             ||     8
       Reflection        ||     2
